 Dungeon Crawl Stone Soup version 0.29.1 (webtiles) character file.

Game seed: 12628245999956421936

704 QueenGhuleh the Chopper (level 7, 0/62 HPs)
             Began as a Minotaur Berserker on Sept 12, 2022.
             Was a Believer of Trog.
             Slain by a yak (4 damage)
             ... on level 5 of the Dungeon.
             The game lasted 00:09:21 (3658 turns).

QueenGhuleh the Chopper (Minotaur Berserker)        Turns: 3658, Time: 00:09:22

Health: 0/62       AC: 12    Str: 24    XL:     7   Next: 39%
Magic:  6/6        EV:  7    Int:  4    God:    Trog [**....]
Gold:   184        SH:  0    Dex:  9    Spells: 6/6 levels left

rFire   . . .      SeeInvis .   a - +0 hand axe
rCold   . . .      Faith    .   (no shield)
rNeg    . . .      Spirit   .   g - +0 plate armour
rPois   .          Reflect  .   (helmet restricted)
rElec   .          Harm     .   (no cloak)
rCorr   .          Rampage  .   (no gloves)
Will    .....                   (no boots)
Stlth   ..........              (no amulet)
HPRegen 0.20/turn               (no ring)
MPRegen 0.10/turn               (no ring)

@: on berserk cooldown, slowed, very slow
A: horns 2, retaliatory headbutt
a: Renounce Religion, Berserk, Trog's Hand


You were on level 5 of the Dungeon.
You worshipped Trog.
Trog was pleased with you.
You visited 1 branch of the dungeon, and saw 5 of its levels.

You collected 184 gold pieces.

Inventory:

Hand Weapons
 a - a +0 hand axe (weapon)
Armour
 b - a +0 animal skin
 g - a +0 plate armour (worn)
Jewellery
 o - the ring "Biratus" {Contam rElec rN+ Dex+6 Stlth+}
   (You found it on level 3 of the Dungeon)

   [ring of positive energy]

   Dex:       It affects your dexterity (+6).
   rElec:     It insulates you from electricity.
   rN:        It protects you from negative energy.
   Contam:    It causes magical contamination when unequipped.
   Stlth:     It makes you more stealthy.
 s - an amulet of guardian spirit
 u - a ring of ice
Wands
 t - a wand of polymorph (12)
Scrolls
 e - 5 scrolls of teleportation {unknown}
 h - 5 scrolls of identify {unknown}
 k - a scroll of amnesia {unknown}
 l - a scroll of fog {unknown}
 m - a scroll of blinking {unknown}
 p - 2 scrolls of immolation {unknown}
 q - a scroll of magic mapping {unknown}
 v - a scroll of enchant armour {unknown}
 w - a scroll of fear {unknown}
Potions
 c - 4 potions of brilliance {unknown}
 d - 4 potions of curing {unknown}
 f - a potion of flight {unknown}
 i - 2 potions of berserk rage {unknown}
 j - a potion of ambrosia {unknown}
 n - a potion of haste {unknown}
 r - a potion of heal wounds {unknown}
 x - a potion of might {unknown}


   Skills:
 + Level 5.6 Fighting
 + Level 7.6 Axes
 + Level 5.1 Armour
 + Level 3.0 Dodging
 + Level 1.3 Stealth


You had 6 spell levels left.
You didn't know any spells.
Your spell library was empty.

Dungeon Overview and Level Annotations

Branches:
Dungeon (5/15)
 Temple: D:4-7

Altars:
Makhleb


Innate Abilities, Weirdness & Mutations

You have a pair of horns on your head.
You reflexively headbutt those who attack you in melee.


Message History

Your Axes skill increases to level 7!
Your Dodging skill increases to level 3!
You have reached level 7!
You slash the yak!
You kill the yak!
Trog accepts your kill.
You slash the yak! You barely miss the yak. You hit the yak.
Your Armour skill increases to level 5!
You are no longer berserk.
You are exhausted.
You feel yourself slow down. The yak gores you. The yak barely misses you.
The yak gores you.
You see here a yak corpse.
The yak attacks as you move away! The yak barely misses you.
The yak attacks as you move away! The yak gores you.
You enter the shallow water.
Moving in this stuff is going to be slow.
The yak gores you but does no damage.
Your unstable footing causes you to fumble your attack.
The yak gores you but does no damage. The yak gores you.
The yak gores you but does no damage. The yak gores you.
* * * LOW HITPOINT WARNING * * *
The yak gores you.
* * * LOW HITPOINT WARNING * * *
The yak gores you but does no damage.
You hit the yak.
The yak is lightly wounded.
You slash the plant!
The plant begins to die.
You closely miss the yak. x2
The yak barely misses you. x2; You furiously retaliate!
You headbutt the yak, but do no damage. The yak gores you but does no damage.
Your unstable footing causes you to fumble your attack.
The yak gores you but does no damage. The yak closely misses you.
You furiously retaliate!
You headbutt the yak, but do no damage. The yak gores you!
* * * LOW HITPOINT WARNING * * *
You slash the yak! Your headbutt misses the yak.
The yak is moderately wounded.
You barely miss the yak. You hit the yak but do no damage. You hit the plant.
A nearby plant withers and dies.
The yak gores you.
You die...

.<# ..## #.. >..# ...#
#... #..######...#
#..♣♣♣♣♣~ #...........+
..♣~~~~~~ #..######...#
##.♣~~~~~~ ....#
#.###..♣~~~≈≈≈ ....#
#.##..~~~~~~~≈
..(.#######.#..♣@~~~~~~~
............#..YYY.~~~~~
...............))....~..
##......................
#..........#~~~~...~...
#..#####....#~♣♣~PP~~~~.
#+## ##+.....♣♣~~P~~P~
#.##### ~~P♣♣P~ ### ♣♣♣♣
♣♣


You could see 3 yaks.

Vanquished Creatures
  Grinder (D:5)
  2 yaks (D:5)
  A scorpion (D:4)
  A jelly (D:4)
  An orc wizard (D:5)
  2 adders
  4 worms (D:4)
  2 dart slugs
  6 orcs
  6 ball pythons
  5 endoplasms
  3 giant cockroaches
  8 goblins
  7 hobgoblins
  6 jackals
  3 kobolds
  2 quokkas
  5 bats
  2 frilled lizards
  3 rats
70 creatures vanquished.

Vanquished Creatures (others)
  9 plants
9 creatures vanquished.

Grand Total: 79 creatures vanquished

Notes
Turn   | Place    | Note
-------+----------+-------------------------------------------
     0 | D:1      | QueenGhuleh the Minotaur Berserker began the quest for the
                  | Orb.
     0 | D:1      | Reached XP level 1. HP: 19/19 MP: 0/0
   223 | D:1      | Reached XP level 2. HP: 20/27 MP: 1/1
   333 | D:1      | Reached skill level 4 in Axes
   845 | D:1      | Reached ** piety under Trog
   871 | D:1      | Found a faded altar of an unknown god.
  1057 | D:1      | Reached XP level 3. HP: 33/33 MP: 2/2
  1139 | D:2      | Identified the +5 quarterstaff "Uloerho" {freeze, rF+
                  | Int+7}
  1584 | D:3      | Identified the +5 leather armour of True Grit {+Inv rF++
                  | Str-5 SInv}
  1664 | D:3      | Identified the ring "Biratus" {Contam rElec rN+ Dex+6
                  | Stlth+}
  1917 | D:3      | Reached XP level 4. HP: 41/41 MP: 3/3
  2161 | D:3      | Found a burning altar of Makhleb.
  2324 | D:4      | Noticed a scorpion
  2344 | D:4      | Killed a scorpion
  2345 | D:4      | Reached skill level 5 in Axes
  2345 | D:4      | Reached XP level 5. HP: 29/47 MP: 4/4
  2546 | D:4      | Found a glowing drain.
  3421 | D:5      | Entered Level 5 of the Dungeon
  3452 | D:5      | Noticed Grinder
  3461 | D:5      | Killed Grinder
  3462 | D:5      | Reached skill level 5 in Fighting
  3462 | D:5      | Reached skill level 6 in Axes
  3462 | D:5      | Reached skill level 1 in Stealth
  3462 | D:5      | Reached XP level 6. HP: 39/56 MP: 5/5
  3630 | D:5      | Noticed a yak
  3633 | D:5      | Noticed a yak
  3638 | D:5      | Noticed a yak
  3640 | D:5      | Noticed a yak
  3642 | D:5      | Noticed a yak
  3651 | D:5      | Killed a yak
  3652 | D:5      | Reached skill level 7 in Axes
  3652 | D:5      | Reached XP level 7. HP: 49/61 MP: 6/6
  3652 | D:5      | Killed a yak
  3653 | D:5      | Reached skill level 5 in Armour
  3658 | D:5      | Slain by a yak

Illustrated notes

Levels and vault maps discovered:
D:1:      pf_arrival_petrified_forest, layout_loops_ring,
          chequers_ecumenical_altar_lobes, grunt_decor_resistance
D:2:      layout_rooms
D:3:      layout_loops_ring, old_standard_altar, grunt_ministairs_13
D:4:      layout_basic, cheibrodos_sewer_entry_bend, serial_rivers,
          chequers_serial_rivers_micro_d, chequers_serial_rivers_micro_e,
          chequers_serial_rivers_large_a, chequers_serial_rivers_large_b,
          chequers_serial_rivers_small_b, chequers_mini_garden,
          chequers_serial_rivers_marsh, due_unseen_surprise
D:5:      layout_basic, nicolae_overflow_crystal_walls,
          nicolae_ossuary_entry_false_entrances, serial_bayou_ford_a,
          st_stairs_13, uniq_grinder

Skill      XL: |  1  2  3  4  5  6  7 |
---------------+----------------------+-----
Axes           | 4 5 6 7 |  7.6
Fighting       | 4 5 |  5.6
Armour         | 3 4 5 |  5.1
Stealth        | 1 |  1.3
Dodging        | 3 |  3.0

Action                   |  1- 3 |  4- 6 |  7- 9 || total
-------------------------+-------+-------+-------++-------
Melee: Hand axe          |   101 |    89 |     5 ||   195
       Headbutt          |    13 |    16 |       ||    29
       Punch             |       |     1 |       ||     1
Invok: Berserk           |       |     2 |       ||     2
Armor: Animal skin       |     8 |       |       ||     8
       Plate armour      |    30 |    58 |     6 ||    94
Dodge: Dodged            |    44 |    27 |     5 ||    76
